 Dungeon Crawl Stone Soup version bcrawl-1.18.1 (webtiles) character file.

Game seed: 7270146130141725305

321 Freyura the Shield-Bearer (level 6, 0/35 HPs)
             Began as a Gargoyle Fighter on Nov 7, 2019.
             Killed by divine providence
             ... invoked by an orc priest
              (12 damage)
             ... on level 4 of the Dungeon.
             The game lasted 00:05:37 (2408 turns).

Freyura the Shield-Bearer (Gargoyle Fighter)        Turns: 2408, Time: 00:05:38

Health: 0/35       AC: 15    Str: 21    XL:     6   Next: 46%
Magic:  6/6        EV:  7    Int:  9    God:
Gold:   171        SH:  9    Dex: 11    Spells: 5/5 levels left

rFire    . . .     SeeInvis .   a - +1 flail
rCold    . . .     Gourm    .   c - +0 shield
rNeg     + . .     Faith    .   b - +0 scale mail
rPois    ∞         Spirit   .   (no helmet)
rElec    +         Reflect  .   (no cloak)
rCorr    .         Harm     .   e - +1 pair of gloves
MR       .....                  m - +0 pair of boots
Stlth    ..........             (no amulet)
HPRegen  0.11/turn              (no ring)
MPRegen  0.10/turn              (no ring)

@: no status effects
A: frail 1, negative energy resistance 1, electricity resistance, strong 1,
unbreathing, petrification resistance, rot immunity, AC +4
a: no special abilities


You were on level 4 of the Dungeon.
You were not hungry.

You visited 1 branch of the dungeon, and saw 4 of its levels.

You collected 171 gold pieces.

Inventory:

Hand Weapons
 a - a +1 flail (weapon)
Armour
 b - a +0 scale mail (worn)
 c - a +0 shield (worn)
 e - a +1 pair of gloves (worn)
 m - a +0 pair of boots (worn)
Wands
 s - a wand of iceblast (7)
Scrolls
 d - a scroll of amnesia
 g - a scroll of identify
 h - 4 scrolls of teleportation
 n - a scroll of remove curse
Potions
 i - 2 potions of curing
 k - a potion of berserk rage {unknown}
 o - a potion of haste {unknown}
Comestibles
 f - 8 rations {!d}


   Skills:
 + Level 4.4 Fighting
 * Level 4.4 Maces & Flails
 + Level 4.5 Armour
 + Level 4.5 Shields


You had 5 spell levels left.
You didn't know any spells.
Your spell library was empty.

Dungeon Overview and Level Annotations

Branches:
Dungeon (4/12)
 Temple: D:4-7

Altars:


Innate Abilities, Weirdness & Mutations

You are resistant to torment.
Your stone body is resilient. (AC +4)
You are immune to poison.
You resist negative energy. (rN+)
You are resistant to electric shocks. (rElec)
You can survive without breathing.
You are immune to petrification.
You are immune to rotting.
You are frail. (-10% HP)
Your muscles are strong. (Str +2)


Message History

Beogh smites you!
A hound comes into view.
The hound barks!
You sock the orc priest!
The orc priest is heavily wounded.
The orc closely misses you. The orc barely misses you.
You block the orc priest's attack. The orc hits you but does no damage.
You barely miss the orc priest.
The orc priest is heavily wounded.
You block the orc's attack.
The orc priest calls down the wrath of Beogh upon you.
Beogh smites you! You block the orc's attack.
You are too injured to fight recklessly!
You are too injured to fight recklessly!
You hit the orc priest but do no damage.
The orc priest is heavily wounded.
The orc barely misses you.
The orc priest mumbles some strange prayers to Beogh against you.
Beogh smites you!
You die...

... #.. ... ##.#
#..# #ha# #oo#
#..# #o@# #..#
#..# #..# #..#
#..# .#####..####
#..# .....(.....#
#..#
######..##.###..#
##..##.....[#
##...###.....#
#.#........#.#


You could see a hound, a worker ant, an orc priest and 2 orcs.

Vanquished Creatures
  Sigmund (D:3)
  An orc priest (D:3)
  An orc wizard (D:3)
  A worker ant (D:4)
  Terence (D:3)
  An adder (D:3)
  A worm (D:2)
  A dart slug (D:1)
  4 leopard geckos (D:2)
  5 orcs
  3 bats
  2 giant cockroaches (D:1)
  6 goblins
  5 hobgoblins
  4 jackals
  6 kobolds
  2 frilled lizards (D:1)
  3 rats
48 creatures vanquished.

Notes
Turn   | Place    | Note
-------+----------+-------------------------------------------
     0 | D:1      | Freyura the Gargoyle Fighter began the quest for the Orb.
     0 | D:1      | Reached XP level 1. HP: 14/14 MP: 1/1
   268 | D:1      | Reached XP level 2. HP: 19/19 MP: 2/2
   656 | D:2      | Reached XP level 3. HP: 23/23 MP: 3/3
  1227 | D:3      | Noticed Terence
  1236 | D:3      | Killed Terence
  1236 | D:3      | Reached XP level 4. HP: 29/29 MP: 4/4
  1266 | D:3      | Noticed Sigmund
  1281 | D:3      | Killed Sigmund
  1281 | D:3      | Reached XP level 5. HP: 33/33 MP: 5/5
  1295 | D:3      | Reached XP level 6. HP: 39/39 MP: 6/6
  2167 | D:3      | Gained mutation: You are frail. (-10% HP) [potion of
                  | mutation]
  2167 | D:3      | Gained mutation: Your muscles are strong. (Str +2) [potion
                  | of mutation]
  2408 | D:4      | Killed from afar by an orc priest

Skill      XL: |  1  2  3  4 |
---------------+-------------+-----
Maces & Flails | 3 4 |  4.4
Fighting       | 4 |  4.4
Armour         | 4 |  4.5
Shields        | 4 |  4.5

Action                   |  1- 3 |  4- 6 || total
-------------------------+-------+-------++-------
Melee: Flail             |   141 |    74 ||   215
  Use: Potion            |     1 |     1 ||     2
       Scroll            |       |    10 ||    10
  Eat: Chunk             |     1 |     1 ||     2
       Ration            |       |     1 ||     1
Armor: Scale mail        |    78 |    34 ||   112
Dodge: Dodged            |    42 |    25 ||    67
Block: Shield            |    91 |    40 ||   131
